Map: Blueshift LE

Players

Subwaymaker

  • Race: Protoss Protoss
  • League: Silver
  • Spawn Location: 1:00

Mesrob - Winner!

  • Race: Terran Terran
  • Spawn Location: 7:00

VOD

Have the link to the VOD?

Description

Time

  • Played on: Jan. 8, 2019, 10:16 a.m.
  • Length: 26:43
Show
View Real Time Build Order
Export as new Build Order

Subwaymaker Protoss 

Build Orders: Phoenix Opening 

Get SALT Encoding   

  1  0:00  Probe  
  12  0:06  Probe  
  14  0:24  Pylon  
  14  0:28  Probe  
  14  0:31  Assimilator  
  15  0:46  Gateway  
  15  0:47  Probe  
  16  0:56  Probe  
  17  1:05  Probe  
  18  1:14  Probe  
  19  1:26  Probe  
  20  1:36  Pylon  
  20  1:38  Probe  
  21  1:44  Cybernetics Core  
  21  1:50  Assimilator, Probe  
  22  1:54  Zealot  
  24  2:05  Pylon  
  24  2:26  Stargate  
  24  2:34  Sentry  
  24  2:35  Nexus  
  26  2:38  Pylon  
  26  2:46  Gateway  
  26  2:48  Probe, Gateway  
  26  2:57  Probe  
  27  3:03  Stalker  
  30  3:22  Probe  
  30  3:23  Warp Gate  
  31  3:33  Phoenix  
  31  3:34  Probe  
  31  3:36  Void Ray  
  36  3:51  Probe  
  36  3:52  Assimilator, Probe  
  38  3:57  Pylon  
  38  4:00  Gateway  
  38  4:03  Probe  
  37  4:33  Stalker  
  37  4:35  Stalker  
  41  4:42  Void Ray  
  40  4:55  Probe  
  40  4:58  Probe  
  42  5:04  Probe  
  46  5:10  Probe  
  46  5:13  Probe  
  45  5:23  Probe  
  45  5:24  Pylon  
  45  5:25  Probe  
  45  5:28  Pylon  
  47  5:35  Probe  
  48  5:39  Stargate  
  48  5:40  Probe  
  49  5:47  Probe  
  50  5:52  Probe  
  50  5:53  Sentry  
  50  5:54  Sentry  
  55  5:59  Probe  
  56  6:04  Probe  
  57  6:25  Pylon  
  57  6:26  Pylon  
  57  6:29  Pylon  
  57  6:34  Cybernetics Core  
  57  6:35  Fleet Beacon  
  57  6:40  Gateway  
  57  6:41  Gateway  
  57  6:43  Gateway  
  57  6:46  Probe x2  
  59  6:54  Assimilator  
  59  6:57  Pylon  
  59  6:58  Probe x2  
  59  6:59  Pylon  
  61  7:14  Carrier  
  61  7:18  Void Ray  
  63  7:31  Stalker  
  63  7:32  Zealot  
  67  7:55  Protoss Air Weapons Level 1  
  67  7:56  Protoss Air Armor Level 1  
  67  8:02  Pylon  
  67  8:08  Nexus  
  67  8:13  Pylon, Probe  
  68  8:21  Probe  
  68  8:22  Void Ray  
  73  8:44  Stargate  
  73  8:58  Stalker  
  73  8:59  Stalker x3  
  81  9:12  Twilight Council  
  81  9:33  Probe  
  82  9:42  Carrier  
  82  9:45  Void Ray  
  92  9:46  Assimilator, Probe  
  92  9:49  Assimilator  
  93  10:09  Templar Archives  
  93  10:22  Protoss Air Weapons Level 2  
  93  10:35  Pylon  
  93  10:38  Pylon  
  93  10:40  Pylon  
  93  11:03  Gateway  
  93  11:04  Gateway  
  93  11:05  Void Ray  
  93  11:06  Void Ray, Gateway  
  93  11:07  Void Ray  
  105  11:18  Probe  
  106  11:26  Probe  
  107  11:36  Gateway  
  107  11:37  Gateway  
  107  11:39  Gateway  
  107  11:41  Gateway  
  107  11:55  High Templar  
  107  11:56  High Templar x2  
  107  11:57  High Templar  
  115  12:03  Void Ray  
  115  12:05  Archon  
  115  12:07  Archon  
  119  12:15  Psionic Storm  
  119  12:58  Pylon  
  119  13:03  Nexus  
  119  13:10  High Templar  
  119  13:11  High Templar  
  119  13:12  High Templar x2  
  127  13:15  Carrier  
  127  13:17  Void Ray  
  137  13:38  Pylon  
  137  13:41  Pylon  
  137  13:44  Protoss Air Weapons Level 3  
  137  13:47  Protoss Air Armor Level 2  
  137  13:51  Pylon  
  137  14:04  Pylon  
  137  14:11  Sentry  
  137  14:12  Sentry, Zealot  
  137  14:13  Zealot  
  137  14:14  Zealot  
  137  14:16  High Templar  
  149  14:18  High Templar  
  95  15:16  Carrier x2  
  95  15:17  Void Ray  
  111  15:22  High Templar  
  111  15:24  Zealot x3  
  111  15:25  Zealot x2  
  111  15:28  Assimilator  
  117  15:45  Assimilator  
  117  16:00  Void Ray  
  121  16:05  High Templar  
  121  16:06  High Templar x2  
  127  16:20  Void Ray  
  131  16:25  Gateway  
  131  16:27  Gateway  
  131  16:40  High Templar x2  
  135  16:52  Archon  
  135  16:56  Void Ray  
  135  16:57  Void Ray  
  143  17:02  Zealot x2  
  143  17:03  Zealot x2  
  143  17:04  Zealot  
  91  18:05  Void Ray x3  
  77  18:37  High Templar x3  
  77  18:38  High Templar  
  77  18:40  Zealot x2  
  89  18:43  Stalker  
  89  18:44  Stalker, Sentry  
  89  18:48  Void Ray x3  
  107  19:11  Stargate  
  107  19:15  Stargate  
  107  19:18  Protoss Air Armor Level 3  
  107  19:36  Dark Shrine  
  107  19:53  Zealot x2  
  107  19:54  Zealot x2  
  107  19:55  Stalker, Sentry  
  107  19:57  High Templar  
  121  20:20  Void Ray  
  125  20:22  Void Ray  
  125  20:23  Phoenix  
  131  20:50  Dark Templar x2  
  131  20:51  Dark Templar  
  137  20:57  Blink  
  137  21:07  Forge  
  137  21:08  Forge  
  137  21:12  Forge  
  137  21:23  Protoss Shields Level 1  
  137  21:30  Protoss Ground Armor Level 1  
  137  21:37  Protoss Ground Weapons Level 1  
  137  21:38  Void Ray  
  137  21:39  Void Ray  
  145  21:42  Dark Templar  
  145  21:43  Dark Templar  
  149  22:15  Sentry  
  151  22:19  Void Ray  
  53  23:08  Stalker  
  53  23:09  Stalker x3  
  53  23:10  Stalker x2  
  53  23:11  Void Ray  
  64  23:27  Zealot x2  
  64  23:28  Zealot  
  70  23:40  Nexus  
  70  23:43  Pylon  
  70  23:45  Pylon  
  70  23:47  Pylon  
  70  23:50  Assimilator  
  70  23:51  Dark Templar x2  
  70  23:52  Dark Templar  
  76  23:56  Assimilator  
  76  23:58  Pylon  
  76  24:01  Pylon, Protoss Ground Armor Level 2  
  76  24:06  Void Ray  
  80  24:49  Void Ray  
  84  24:53  Dark Templar  
  86  25:04  Pylon  
  86  25:05  Pylon  
  86  25:09  Pylon  
  86  25:12  Pylon  
  86  25:15  Pylon  
  86  25:18  Stargate  
  86  25:21  Photon Cannon  
  86  25:23  Photon Cannon  
  86  25:28  Photon Cannon  
  86  25:30  Photon Cannon  
  86  25:35  Photon Cannon  
  86  25:39  Photon Cannon  
  86  25:42  Photon Cannon x2  
  86  25:50  Void Ray  
  86  25:52  Void Ray  
  94  26:06  Photon Cannon  
  94  26:07  High Templar  
  94  26:08  Photon Cannon  
  94  26:10  Photon Cannon  
  96  26:11  Photon Cannon  
  96  26:13  Photon Cannon  
  96  26:15  Photon Cannon  
  96  26:17  Photon Cannon  
  96  26:19  Photon Cannon  
Show
View Real Time Build Order
Export as new Build Order

Mesrob Terran - Winner!

Build Orders: 2 Factory, Mech 

Get SALT Encoding   

  12  0:01  SCV  
  13  0:13  SCV  
  14  0:17  Supply Depot  
  14  0:25  SCV  
  15  0:32  Refinery  
  15  0:41  Barracks  
  15  0:45  SCV  
  16  0:58  SCV  
  17  1:08  Refinery  
  17  1:10  SCV  
  18  1:22  Supply Depot, SCV  
  19  1:34  Factory  
  19  1:39  Marine  
  20  1:43  Orbital Command  
  20  2:03  Factory  
  20  2:04  Barracks Tech Lab  
  20  2:09  SCV  
  21  2:21  SCV  
  22  2:23  Supply Depot  
  22  2:35  Siege Tank  
  25  2:37  Barracks Reactor  
  25  2:45  Supply Depot  
  25  2:50  Factory Reactor  
  25  2:54  SCV  
  26  3:15  Marine  
  26  3:16  Marine  
  28  3:27  Command Center  
  28  3:28  Supply Depot  
  30  3:34  Hellion x2  
  32  3:43  Cyclone  
  35  3:56  Factory  
  35  4:07  Marine  
  35  4:08  Marine  
  37  4:16  Engineering Bay  
  37  4:48  Cyclone  
  37  4:50  Factory Tech Lab  
  36  4:55  SCV  
  36  4:56  Supply Depot  
  37  5:05  Orbital Command  
  37  5:07  SCV  
  38  5:18  Supply Depot  
  38  5:22  Refinery, Factory Tech Lab  
  38  5:26  SCV  
  39  5:35  Barracks  
  39  5:38  Terran Infantry Weapons Level 1  
  39  5:46  Armory  
  39  5:47  Refinery  
  39  5:48  SCV  
  40  5:56  Cyclone  
  43  6:00  SCV  
  43  6:03  Cyclone  
  47  6:04  SCV  
  48  6:16  SCV  
  49  6:28  SCV  
  50  6:34  Terran Vehicle Weapons Level 1  
  50  6:39  SCV  
  51  6:41  SCV  
  51  6:42  Starport  
  51  6:43  Siege Tank  
  51  6:46  Marine  
  56  6:47  Marine  
  56  6:48  Marine  
  56  6:50  Marine  
  56  6:51  SCV  
  60  6:58  Supply Depot  
  60  7:03  SCV  
  57  7:15  Siege Tank, SCV  
  59  7:27  SCV  
  60  7:32  Terran Infantry Armor Level 1  
  60  7:35  Starport Tech Lab  
  60  7:39  SCV  
  60  7:42  Starport  
  61  7:46  Marine  
  61  7:47  Marine x3  
  65  7:51  SCV  
  66  8:03  SCV  
  66  8:04  Marine  
  66  8:05  Marine x3  
  71  8:13  Command Center  
  71  8:22  Marine, Command Center  
  71  8:23  Marine x3  
  75  8:28  Siege Tank  
  77  8:40  Marine x4  
  81  8:50  Viking x2  
  81  8:51  Sensor Tower  
  85  8:56  SCV  
  85  8:58  Marine x4  
  90  9:16  Marine x4  
  94  9:25  Viking x2, Supply Depot  
  94  9:30  Terran Vehicle Weapons Level 2  
  98  9:36  Planetary Fortress  
  98  9:51  Supply Depot  
  98  9:55  Viking x2  
  102  10:00  Sensor Tower, Cyclone  
  102  10:04  Cyclone  
  108  10:09  Terran Infantry Weapons Level 2  
  108  10:13  Supply Depot  
  108  10:15  Refinery  
  108  10:21  Planetary Fortress  
  108  10:25  Viking x2  
  108  10:27  Refinery  
  112  10:30  SCV  
  113  10:40  SCV  
  113  10:41  Refinery  
  113  10:42  SCV  
  115  10:51  Refinery  
  115  10:52  SCV  
  115  10:54  SCV  
  117  11:00  Cyclone x2  
  123  11:05  SCV  
  123  11:06  SCV x2  
  126  11:13  Marine  
  126  11:14  Marine x2  
  126  11:17  SCV  
  126  11:18  SCV x2  
  132  11:29  SCV  
  132  11:30  SCV  
  134  11:39  Marine x4  
  137  11:42  Cyclone  
  137  11:43  SCV  
  141  11:53  Supply Depot  
  141  11:57  Marine x4, SCV  
  146  12:06  SCV  
  147  12:09  SCV  
  147  12:14  Marine  
  147  12:15  Marine x3, SCV  
  152  12:18  SCV  
  154  12:22  Supply Depot  
  154  12:24  Terran Infantry Armor Level 2  
  154  12:27  SCV  
  155  12:30  SCV  
  156  12:44  Marine, SCV x2  
  156  12:51  Viking x2  
  163  12:56  SCV x2  
  164  14:16  Supply Depot  
  164  14:37  Marine x2, Cyclone x2  
  172  14:39  Supply Depot  
  172  14:42  Marine, SCV  
  172  14:45  Marine, Cyclone  
  138  14:55  Marine x2  
  90  15:00  Marine  
  90  15:02  Marine, Supply Depot  
  90  15:03  SCV  
  90  15:06  Viking  
  89  15:07  Viking  
  89  15:09  Cyclone x2  
  89  15:13  Marine x2  
  99  15:15  SCV  
  99  15:18  Marine, Cyclone  
  99  15:20  Marine  
  105  15:25  Supply Depot  
  105  15:30  Marine x2  
  105  15:35  Marine  
  105  15:36  Viking  
  105  15:37  Viking  
  105  15:38  Marine  
  105  15:41  Cyclone x2  
  117  15:44  Missile Turret  
  117  15:49  Supply Depot  
  117  15:50  Cyclone  
  117  15:53  Marine x3  
  117  15:56  Marine  
  124  16:06  Viking, Sensor Tower  
  124  16:07  Viking  
  124  16:11  Marine x3  
  129  16:12  Supply Depot  
  129  16:13  Cyclone x2  
  129  16:14  Marine  
  129  16:18  Fusion Core  
  138  16:22  Cyclone  
  141  16:28  Marine  
  141  16:29  Marine x2  
  141  16:32  Marine  
  145  16:34  Supply Depot, Command Center  
  145  16:36  Viking  
  145  16:37  Viking  
  149  16:46  Marine, Cyclone  
  153  16:47  Marine x2  
  158  16:54  Cyclone  
  158  17:06  Viking  
  158  17:07  Viking  
  162  17:11  Widow Mine  
  164  17:18  Widow Mine  
  165  17:26  Cyclone  
  168  17:32  Widow Mine  
  168  17:36  Viking  
  166  17:37  Viking  
  166  17:39  Cyclone  
  106  17:53  Cyclone  
  106  17:58  Cyclone  
  93  18:06  Viking  
  93  18:07  Viking  
  93  18:11  Cyclone  
  95  18:18  Marine x4  
  91  18:25  Cyclone  
  91  18:30  Cyclone  
  94  18:36  Marine x4  
  98  18:42  Refinery  
  98  18:43  Cyclone  
  101  18:52  Starport Reactor  
  101  18:53  Marine  
  101  18:54  Marine x3  
  105  18:57  Cyclone  
  105  18:58  Battlecruiser  
  105  19:02  Cyclone  
  117  19:05  Refinery  
  117  19:11  Marine  
  117  19:12  Marine x3  
  117  19:15  Cyclone  
  124  19:17  Sensor Tower  
  124  19:29  Marine, Cyclone  
  128  19:34  Cyclone  
  131  19:45  Marine  
  132  19:46  Marine x2  
  132  19:47  Marine, Cyclone  
  132  19:50  Command Center  
  132  19:51  Orbital Command  
  138  19:59  Viking x2  
  142  20:02  Battlecruiser, Cyclone  
  142  20:03  Marine x3  
  142  20:05  Marine  
  142  20:06  Thor  
  161  20:12  Planetary Fortress  
  161  20:19  Thor  
  161  20:21  Marine x3  
  168  20:23  Marine, SCV  
  172  20:34  Hellbat  
  172  20:35  SCV  
  175  20:37  Refinery  
  175  20:38  Marine  
  175  20:39  Marine x2, Terran Infantry Weapons Level 3  
  175  20:40  Marine  
  179  20:47  SCV  
  179  20:49  Terran Vehicle And Ship Armor Level 1  
  182  20:50  Hellbat  
  182  20:55  Hellbat  
  182  20:56  Marine  
  185  20:57  Marine x2  
  185  20:58  Marine  
  185  20:59  SCV  
  185  21:03  Hellbat, Refinery  
  191  21:05  Planetary Fortress  
  191  21:06  Battlecruiser  
  191  21:10  Sensor Tower  
  191  21:11  Hellbat, SCV  
  200  21:36  Refinery  
  200  21:39  Refinery  
  136  22:49  Marine  
  136  22:50  Marine  
  136  22:51  Marine x2  
  103  22:53  Cyclone x3  
  95  23:07  Marine  
  95  23:08  Marine x3  
  99  23:16  Terran Infantry Armor Level 3  
  99  23:22  Battlecruiser  
  99  23:23  Viking x2  
  99  23:24  Marine  
  99  23:25  Cyclone x3  
  99  23:26  Marine x3  
  118  23:42  Marine  
  118  23:44  Marine x3  
  122  23:53  Viking x2  
  126  23:57  Cyclone x2  
  126  23:58  Cyclone  
  136  24:02  SCV  
  136  24:14  SCV  
  137  24:17  Marine  
  137  24:18  Marine x3  
  137  24:22  Viking  
  137  24:23  Viking  
  145  24:27  Battlecruiser  
  145  24:29  Cyclone  
  145  24:30  Cyclone x2  
  160  24:35  Marine  
  160  24:36  Marine x3  
  164  24:40  Barracks  
  164  24:52  Viking  
  164  24:53  Marine  
  164  24:54  Marine x3  
  170  25:01  Cyclone  
  170  25:02  Cyclone, Thor  
  182  25:11  Marine x3  
  182  25:12  Marine  
  186  25:28  Barracks  
  186  25:30  Command Center  
  186  25:33  Thor x2  
  198  25:47  Sensor Tower  
  198  26:17  Barracks  
Tags
 
Composition
Mech
League
Silver
Matchup
PvT
Replay Pack
sc2 replays
Spawn Locations
Cross Positions
Add a new tag
Caveats
  • Supply blocks, unpowered buildings, or Contaminate may cause inaccurate times.
  • Supply counts are checked every 10 seconds.